AoeStats
← gob b

Arabia

505317025Analyzed
4v4 RM · 23d ago on Sep 8, 2026· 59m 11s· 8 players
Game mode
Random Map
Map size
Large (8 player)
Population
200
Speed
Normal
Resources
Standard
Victory
Conquest
Starting age
Dark Age
Ending age
Imperial Age
RankedLock teamsTeams togetherTeam positionsShared explorationLock speedFull tech treeHidden civsTurbo modeCheats
Victory
Defeat
🇵🇪 Khmer · Peru
1207
+12
🇦🇷 Magyars · Argentina
1163
+14
🇻🇪 Portuguese · Venezuela
1137
+15
🇨🇦 Celts · Canada
1120
+16
🇨🇳 Bulgarians · China
1182
-16
🇧🇩 Ethiopians · Bangladesh
1127
-15
🇬🇹 Saracens · Guatemala
1095
-13
🇮🇳 Burgundians · India
1091
-13
BjornLothbrok
6:22 Loom
9:15 Feudal Age
9:50 Double-Bit Axe
14:02 Horse Collar
15:00 Fletching
20:46 Wheelbarrow
24:09 Castle Age
22:19 Gold Mining
22:40 Town Watch
24:11 Crossbowman
24:47 Bodkin Arrow
25:10 Heavy Plow
25:21 Bow Saw
30:04 Imperial Age
28:38 Thumb Ring
31:55 Chemistry
30:43 Arbalester
32:22 Ballistics
34:02 Two-Man Saw
33:47 Bracer
34:08 Padded Archer Armor
41:12 Crop Rotation
43:11 Leather Archer Armor
44:03 Siege Engineers
44:09 Masonry
44:46 Hand Cart
44:31 Town Patrol
45:43 Ring Archer Armor
49:17 Arquebus
49:38 Conscription
52:28 Scale Barding Armor
53:04 Town Patrol
59:44 Architecture
58:55 Treadmill Crane
Reshi
5:15 Loom
10:48 Feudal Age
11:46 Double-Bit Axe
12:44 Horse Collar
21:02 Castle Age
20:00 Gold Mining
20:01 Stone Mining
20:39 Scale Mail Armor
21:19 Forging
21:15 Pikeman
30:41 Ballistics
36:52 Bow Saw
40:03 Imperial Age
38:56 Heavy Plow
41:04 Chain Mail Armor
41:24 Iron Casting
42:17 Elite Woad Raider
43:45 Plate Mail Armor
44:26 Blast Furnace
46:25 Arson
49:52 Conscription
49:27 Fletching
53:14 Hoardings
52:52 Masonry
AsadoFree
9:44 Feudal Age
11:21 Loom
21:03 Wheelbarrow
22:57 Castle Age
21:21 Scale Barding Armor
21:39 Horse Collar
21:44 Double-Bit Axe
23:00 Bloodlines
23:40 Fletching
23:50 Padded Archer Armor
24:20 Bodkin Arrow
24:46 Chain Barding Armor
26:11 Husbandry
27:00 Light Cavalry
28:18 Leather Archer Armor
28:54 Town Watch
30:18 Scale Mail Armor
45:35 Imperial Age
44:06 Chain Mail Armor
45:49 Hand Cart
45:35 Town Patrol
45:45 Heavy Plow
45:56 Bow Saw
47:13 Bracer
48:09 Cavalier
51:17 Ring Archer Armor
51:32 Crop Rotation
51:22 Elite Skirmisher
52:33 Paladin
54:09 Ballistics
54:50 Chemistry
54:21 Capped Ram
55:15 Siege Engineers
Comend x comend
8:25 Loom
11:11 Feudal Age
12:19 Double-Bit Axe
12:16 Horse Collar
18:00 Castle Age
20:20 Pikeman
28:39 Wheelbarrow
33:37 Imperial Age
31:39 Bloodlines
35:26 Forging
35:22 Scale Barding Armor
35:39 Husbandry
38:24 Chain Barding Armor
38:00 Stone Mining
39:09 Elite Battle Elephant
41:58 Iron Casting
44:52 Double Crossbow
45:14 Tusk Swords
47:17 Plate Barding Armor
51:26 Gold Mining
52:41 Chemistry
CazadorGT
6:34 Loom
6:54 Loom
9:29 Feudal Age
11:43 Forging
11:49 Double-Bit Axe
17:57 Horse Collar
24:54 Fletching
27:10 Bloodlines
31:01 Castle Age
29:28 Scale Barding Armor
29:36 Gold Mining
31:29 Stone Mining
31:06 Light Cavalry
32:10 Chain Barding Armor
32:11 Bow Saw
32:03 Heavy Plow
35:09 Iron Casting
34:32 Town Watch
37:27 Bodkin Arrow
37:35 Husbandry
38:57 Gold Shaft Mining
39:01 Wheelbarrow
43:23 Imperial Age
43:44 Elite Mameluke
45:35 Plate Barding Armor
47:05 Blast Furnace
47:03 Onager
gob b
12:12 Feudal Age
10:44 Double-Bit Axe
11:11 Horse Collar
17:55 Castle Age
16:07 Bow Saw
15:51 Gold Mining
16:20 Heavy Plow
17:12 Scale Barding Armor
18:01 Cavalier
27:09 Forging
28:46 Two-Man Saw
30:17 Chain Barding Armor
34:27 Wheelbarrow
34:27 Husbandry
37:56 Imperial Age
36:50 Iron Casting
37:56 Crop Rotation
37:48 Loom
38:19 Hand Cart
38:31 Paladin
40:13 Blast Furnace
42:31 Plate Barding Armor
53:45 Fletching
Gunslinger
6:29 Loom
6:35 Loom
9:32 Feudal Age
10:28 Double-Bit Axe
12:54 Fletching
18:10 Horse Collar
24:22 Castle Age
23:33 Padded Archer Armor
23:31 Gold Mining
25:23 Bow Saw
24:35 Crossbowman
25:50 Bodkin Arrow
26:11 Leather Archer Armor
28:46 Gold Shaft Mining
29:43 Wheelbarrow
33:02 Heavy Plow
35:00 Hand Cart
39:45 Imperial Age
39:20 Ballistics
39:54 Arbalester
41:38 Chemistry
42:07 Two-Man Saw
41:56 Bracer
42:27 Ring Archer Armor
43:01 Halberdier
50:25 Scale Mail Armor
50:35 Forging
50:43 Squires
50:28 Arson
54:16 Chain Mail Armor
54:37 Iron Casting
284352547
5:16 Loom
10:08 Feudal Age
11:49 Double-Bit Axe
16:20 Stone Mining
19:00 Fletching
19:28 Gold Mining
20:07 Horse Collar
24:42 Castle Age
24:44 Scale Barding Armor
25:08 Town Watch
26:16 Bodkin Arrow
26:42 Chain Barding Armor
26:39 Bow Saw
26:32 Heavy Plow
32:26 Stone Shaft Mining
34:15 Wheelbarrow
36:46 Gold Shaft Mining
37:00 Wheelbarrow
39:06 Husbandry
39:17 Bloodlines
40:16 Masonry
42:13 Hand Cart
45:45 Elite Skirmisher
49:54 Padded Archer Armor
58:57 Thumb Ring
Connection lost

Rejoining the realm…

Still unreachable

The connection could not be restored.

Session expired

The server has moved on; the page needs a fresh start.